 Dungeon Crawl Stone Soup version 0.30.1-11-g7821555f0a (webtiles) character file.

Game seed: 9230732095452107077

18512 Cheops the Thaumaturge (level 12, -6/59 HPs)
             Began as a Deep Elf Earth Elementalist on Dec 22, 2023.
             Was an Elder of Vehumet.
             Mangled by an orc warrior
             ... wielding a +4 heavy trident
              (16 damage)
             ... on level 11 of the Dungeon.
             The game lasted 01:02:48 (21968 turns).

Cheops the Thaumaturge (DEEE)                      Turns: 21968, Time: 01:02:49

Health: -6/59      AC:  7    Str:  5    XL:     12   Next: 28%
Magic:  2/30       EV: 16    Int: 26    God:    Vehumet [****..]
Gold:   611        SH:  0    Dex: 15    Spells: 7/36 levels left

rFire   . . .        a - staff of conjuration
rCold   . . .        y - orb {light}
rNeg    + . .        z - +0 steam dragon scales
rPois   .            M - +0 helmet
rElec   .            m - +0 cloak
rCorr   .            (no gloves)
SInv    .            (no boots)
Will    +....        (no amulet)
Stlth   +            q - ring of positive energy
HPRegen 0.29/turn    (no ring)
MPRegen 0.22/turn

%: no passive effects
@: glowing
A: no striking features
a: Renounce Religion


You were on level 11 of the Dungeon.
You worshipped Vehumet.
Vehumet was greatly pleased with you.
You visited 2 branches of the dungeon, and saw 12 of its levels.

You collected 751 gold pieces.
You spent 140 gold pieces at shops.

Inventory:

Hand Weapons
 b - the +0 dagger "Widowmaker" {freeze, +Blink Str+4 Stlth+}
   (You found it on level 7 of the Dungeon)

   Str:       It affects your strength (+4).
   +Blink:    It lets you blink.
   Stlth:     It makes you more stealthy.
 c - a +2 dagger of flaming
 d - a +0 quick blade
Missiles
 K - 3 throwing nets
Armour
 m - a +0 cloak (worn)
 p - a +1 leather armour of willpower
 u - a +0 buckler
 y - an orb of light (worn)
 z - +0 steam dragon scales (worn)
 I - a +2 robe of cold resistance
 M - a +0 helmet (worn)
 N - a +2 leather armour of fire resistance
Magical Staves
 a - a staff of conjuration (weapon)
 e - a staff of death
Jewellery
 q - a ring of positive energy (left hand)
 H - a ring of ice
 S - an amulet of faith
Wands
 o - a wand of iceblast (12)
 x - a wand of acid (9)
 B - a wand of polymorph (10)
 O - a wand of flame (13)
Scrolls
 f - a scroll of silence
 h - 4 scrolls of torment
 j - 3 scrolls of amnesia
 n - a scroll of fog
 w - a scroll of enchant weapon
 D - 2 scrolls of fear
 F - 2 scrolls of vulnerability
 G - a scroll of immolation
 J - a scroll of summoning
 P - 2 scrolls of teleportation
 T - a scroll of identify
Potions
 g - 2 potions of curing
 i - 5 potions of brilliance
 k - 4 potions of flight
 l - 2 potions of mutation {unknown}
 r - 3 potions of magic
 s - a potion of invisibility {unknown}
 t - 3 potions of attraction {unknown}
 v - a potion of ambrosia
 A - 2 potions of berserk rage {unknown}
 C - a potion of haste
 E - 2 potions of resistance
 L - 3 potions of heal wounds
 Q - a potion of lignification
 R - 2 potions of might


   Skills:
 - Level 8.1 Dodging
 - Level 2.4 Stealth
 - Level 5.0 Shields
 + Level 12.7 Spellcasting
 - Level 10.0 Conjurations
 - Level 5.6 Transmutations
 - Level 10.0 Fire Magic
 - Level 3.0 Air Magic
 - Level 8.3 Earth Magic


You had 7 spell levels left.
You knew the following spells:

 Your Spells              Type           Power      Damage    Failure   Level
a - Sandblast             Erth           100%       2d20      1%          1
b - Stone Arrow           Conj/Erth      100%       3d13      1%          3
f - Fireball              Conj/Fire      40%        3d16      1%          5
p - Petrify               Tmut/Erth      52%        N/A       1%          4
r - Frozen Ramparts       Ice            32%        1d5       3%          3
s - Sticky Flame          Conj/Fire      80%        2d9       1%          4
w - Flame Wave            Conj/Fire      80%        2d17      1%          4
P - Passwall              Tmut/Erth      43%        N/A       1%          2
S - Swiftness             Air            32%        N/A       3%          3

Your spell library contained the following spells:

 Spells                   Type           Power      Damage    Failure   Level
 Volatile Blastmotes      Fire/Tloc      84%        2d17      1%          3
 Foxfire                  Conj/Fire      100%       2x1d9     1%          1
 Shock                    Conj/Air       100%       1d9       1%          1
 Inner Flame              Hex/Fire       42%        N/A       1%          3
 Airstrike                Air            16%        2d(3-19)  2%          4
 Starburst                Conj/Fire      40%        6d11      2%          6
 Necrotise                Necr           64%        1d7       3%          1
 Vampiric Draining        Necr           16%        2d7       11%         3
 Ice Form                 Ice/Tmut       31%        N/A       11%         4
 Plasma Beam              Fire/Air       25%        2x1d41    11%         6
 Summon Ice Beast         Ice/Summ       16%        N/A       34%         4
 Agony                    Necr           16%        N/A       67%         5
 Borgnjor's Revivificati  Necr           8%         N/A       100%        8
 Necromutation            Tmut/Necr      15%        N/A       100%        8
 Death's Door             Necr           8%         N/A       100%        9


Dungeon Overview and Level Annotations

Branches:
Dungeon (11/15)            Temple (1/1) D:6            Lair (0/5) D:9
    Orc (0/2) D:11

Altars:
Ashenzari
Cheibriados
Dithmenos
Elyvilon
Fedhas
Gozag
Hepliaklqana
Kikubaaqudgha
Makhleb
Nemelex Xobeh
Okawaru
Qazlal
Ru
Sif Muna
Trog
Uskayaw
Vehumet
Wu Jian
Xom
Yredelemnul
Zin
The Shining One

Shops:
D:2 (   D:10 !


Message History

The flame wave engulfs the orc!
You kill the orc!
Vehumet accepts your kill. (Press . to intensify the flame waves.)
A wave of flame ripples out!
The flame wave engulfs the orc warrior but does no damage.
The orc warrior hits you from afar with a +4 heavy trident!
* * * LOW HITPOINT WARNING * * *
Without enough magic to sustain them, the waves of flame dissipate.
The orc warrior misses you.
Casting: Flame Wave (safe; 1% risk of failure)
Confirm with . or Enter, or press ? or * to list all spells.
You don't have enough magic to cast this spell.
Unknown command.
You hit the orc.
The orc is lightly wounded.
The orc barely misses you.
The orc warrior hits you from afar with a +4 heavy trident.
* * * LOW HITPOINT WARNING * * *
Things that are here:
a +0 hand axe; a +0 chain mail; an orc corpse The orc attacks as you move away!
The orc barely misses you. The orc attacks as you move away!
The orc hits you but does no damage. The orc attacks as you move away!
The orc barely misses you. The orc attacks as you move away!
The orc hits you with a +0 flail.
* * * LOW HITPOINT WARNING * * *
Casting: Flame Wave (safe; 1% risk of failure)
Confirm with . or Enter, or press ? or * to list all spells.
Aiming: Passwall (safe; 1% risk of failure)
Press: ? - help, Dir - move target A rock wall.
This square is lit by a halo.
You begin to meditate on the wall.
You continue meditating on the rock.
The orc misses you.
The orc warrior hits you from afar with a +4 heavy trident!!
* * * LOW HITPOINT WARNING * * *
You continue meditating on the rock.
The orc closely misses you.
The orc warrior hits you from afar with a +4 heavy trident!
You die...

......#......#....#..####.....<..
.####.#......#....#..# #........
.# #.#......#....#..# #######..
.# #.#......#....#..# ### .#
#.#......#....#..# ### .#
#.#......#....#..# #..
.####.#......# #.....8 ⌠..#..
......#....######## ..# ...#..
.....##....#....@o##+##.# ....#..
.##..#.....'.##...#.....# ._.>#..
.##..#.....#.##.o.#.....#.....#..
.##..#.....#.##...#.....#)....#..
.##..'.....#.##...#...).8))⌠..#..
.....###...#......####..))....#..
.......'...##.........))8)....#..
.......#....#........#..#.....#..
.......#.>..#........#..#######..


You could see an orc warrior and an orc.

Vanquished Creatures
  Erolcha (D:9)
  An ogre mage (D:10)
  A centaur warrior (D:9)
  2 two-headed ogres
  A harpy (D:10)
  An ugly thing (D:6)
  An unseen horror (D:8)
  A kobold demonologist (D:10)
  3 hornets
  5 trolls
  Prince Ribbit (D:7)
  A shadow (D:11)
  Sigmund (D:6)
  30 yaks
  2 wyverns (D:9)
  4 steam dragons
  8 vampire mosquitoes (D:11)
  An acid dragon (D:11)
  4 water moccasins
  2 black bears
  An ice beast (D:5)
  8 orc warriors
  A sky beast (D:8)
  4 ogres
  9 centaurs
  A phantom (D:6)
  3 kobold brigands
  4 bullfrogs
  2 scorpions
  2 gnoll sergeants
  6 wights
  20 killer bees
  2 howler monkeys
  A hound (D:4)
  2 jellies (D:5)
  A gnoll bouda (D:6)
  7 orc priests
  Ijyb (D:3)
  Terence (D:3)
  7 iguanas
  7 orc wizards
  A sleepcap (D:6)
  A mummy (D:8)
  7 gnolls
  7 adders
  A white imp (D:8)
  A worm (D:2)
  A dart slug (D:1)
  58 orcs
  3 endoplasms
  5 giant cockroaches
  8 goblins
  5 hobgoblins
  6 jackals
  23 kobolds
  5 quokkas
  13 ball pythons
  5 bats
  3 frilled lizards
  A hobgoblin zombie (D:8)
  An orc zombie (D:8)
  4 rats
320 creatures vanquished.

Vanquished Creatures (others)
  An orc (D:9)
1 creature vanquished.

Grand Total: 321 creatures vanquished

Notes
Turn   | Place    | Note
-------+----------+-------------------------------------------
     0 | D:1      | Cheops the Deep Elf Earth Elementalist began the quest for
                  | the Orb.
     0 | D:1      | Reached XP level 1. HP: 10/10 MP: 6/6
   135 | D:1      | Reached XP level 2. HP: 15/15 MP: 6/8
   257 | D:1      | Found a faded altar of an unknown god.
   705 | D:1      | Reached XP level 3. HP: 19/19 MP: 8/10
   709 | D:1      | Learned a level 3 spell: Stone Arrow
   712 | D:1      | Learned a level 2 spell: Passwall
  1217 | D:2      | Found Quwkeidgh's Antique Weapon Shop.
  1295 | D:2      | Reached skill level 4 in Spellcasting
  1511 | D:2      | Reached XP level 4. HP: 24/24 MP: 9/12
  1852 | D:2      | Learned a level 4 spell: Petrify
  1939 | D:3      | Noticed Ijyb
  1952 | D:2      | Reached skill level 5 in Earth Magic
  2219 | D:3      | Killed Ijyb
  2361 | D:3      | Reached XP level 5. HP: 25/28 MP: 10/14
  2617 | D:3      | Reached skill level 5 in Spellcasting
  2967 | D:3      | Noticed Terence
  3193 | D:3      | Killed Terence
  3200 | D:3      | Learned a level 4 spell: Sticky Flame
  3825 | D:4      | Reached skill level 1 in Conjurations
  3825 | D:4      | Reached skill level 1 in Fire Magic
  3828 | D:4      | Reached XP level 6. HP: 32/32 MP: 11/15
  3924 | D:5      | Entered Level 5 of the Dungeon
  4057 | D:5      | Found a stormy altar of Qazlal.
  4285 | D:5      | Found a broken altar of Ashenzari.
  4397 | D:5      | Found an ornate altar of the Wu Jian Council.
  4468 | D:5      | Noticed an ice beast
  4472 | D:5      | Killed an ice beast
  4473 | D:5      | Reached XP level 7. HP: 36/36 MP: 9/16
  4523 | D:5      | Reached skill level 5 in Conjurations
  4854 | D:5      | Reached XP level 8. HP: 26/41 MP: 12/17
  5001 | D:6      | Found a staircase to the Ecumenical Temple.
  5008 | Temple   | Entered the Ecumenical Temple
  5183 | Temple   | Became a worshipper of Vehumet
  5278 | D:6      | Reached skill level 5 in Fire Magic
  5471 | D:6      | Found an ancient bone altar of Kikubaaqudgha.
  5530 | D:6      | Reached skill level 6 in Spellcasting
  5707 | D:6      | Noticed Sigmund
  5717 | D:6      | Killed Sigmund
  5718 | D:6      | Reached skill level 7 in Spellcasting
  5944 | D:6      | Noticed a purple ugly thing
  5956 | D:6      | Killed a purple ugly thing
  5957 | D:6      | Reached skill level 5 in Transmutations
  6753 | D:1      | Found a faded altar of an unknown god.
  7264 | D:2      | Found Quwkeidgh's Antique Weapon Shop.
  8958 | D:5      | Found a stormy altar of Qazlal.
  8976 | D:5      | Found a broken altar of Ashenzari.
  9136 | D:5      | Found an ornate altar of the Wu Jian Council.
  9740 | D:6      | Found a staircase to the Ecumenical Temple.
  9817 | D:6      | Found an ancient bone altar of Kikubaaqudgha.
 10052 | D:6      | Learned a level 4 spell: Flame Wave
 10098 | D:6      | Reached XP level 9. HP: 30/45 MP: 13/21
 10156 | D:6      | Learned a level 3 spell: Swiftness
 10296 | D:7      | Found a sacrificial altar of Ru.
 10392 | D:7      | Identified the +0 dagger "Widowmaker" {freeze, +Blink Str+4
                  | Stlth+}
 10549 | D:7      | Noticed Prince Ribbit
 10557 | D:7      | Killed Prince Ribbit
 10709 | D:7      | Reached skill level 1 in Air Magic
 11527 | D:7      | Found a sacrificial altar of Ru.
 12007 | D:6      | Found a staircase to the Ecumenical Temple.
 12279 | D:6      | Found an ancient bone altar of Kikubaaqudgha.
 12894 | D:8      | Reached skill level 5 in Dodging
 13261 | D:8      | Reached * piety under Vehumet
 13261 | D:8      | Offered knowledge of Freeze by Vehumet.
 13598 | D:8      | Noticed an unseen horror
 13603 | D:8      | Killed an unseen horror
 13905 | D:8      | Reached XP level 10. HP: 50/50 MP: 11/23
 14112 | D:8      | Learned a level 3 spell: Frozen Ramparts
 14847 | D:7      | Found a sacrificial altar of Ru.
 15565 | D:8      | Reached skill level 8 in Spellcasting
 16805 | D:9      | Noticed Erolcha
 16812 | D:9      | Reached skill level 9 in Spellcasting
 16923 | D:9      | Found a sparkling altar of Nemelex Xobeh.
 16947 | D:9      | Found an iron altar of Okawaru.
 16953 | D:9      | Found a bloodstained altar of Trog.
 17052 | D:9      | Killed Erolcha
 17053 | D:9      | Reached skill level 10 in Spellcasting
 17057 | D:9      | Reached skill level 11 in Spellcasting
 17184 | D:9      | Offered knowledge of Poisonous Vapours by Vehumet.
 17191 | D:9      | Learned a level 5 spell: Fireball
 17329 | D:9      | Reached ** piety under Vehumet
 17909 | D:9      | Noticed a centaur warrior
 17922 | D:9      | Killed a centaur warrior
 17923 | D:9      | Reached XP level 11. HP: 43/54 MP: 19/28
 18068 | D:9      | Noticed a two-headed ogre
 18079 | D:9      | Killed a two-headed ogre
 18546 | D:9      | Found a staircase to the Lair.
 19269 | D:10     | Entered Level 10 of the Dungeon
 19409 | D:10     | Reached skill level 1 in Shields
 19886 | D:10     | Found Molagant's Distillery.
 19900 | D:10     | Found a glowing silver altar of Zin.
 20072 | D:10     | Offered knowledge of Static Discharge by Vehumet.
 20329 | D:10     | Noticed a two-headed ogre
 20334 | D:10     | Killed a two-headed ogre
 20334 | D:10     | Noticed an ogre mage
 20338 | D:10     | Killed an ogre mage
 20339 | D:10     | Reached skill level 5 in Shields
 20473 | D:10     | Noticed a harpy
 20478 | D:10     | Killed a harpy
 20479 | D:10     | Reached skill level 12 in Spellcasting
 20609 | D:10     | Found a shimmering altar of Xom.
 20647 | D:10     | Reached *** piety under Vehumet
 20941 | D:10     | Reached XP level 12. HP: 59/59 MP: 19/30
 21328 | D:10     | Bought a potion of degeneration for 10 gold pieces
 21331 | D:10     | Bought a potion of brilliance for 40 gold pieces
 21331 | D:10     | Bought a potion of lignification for 30 gold pieces
 21331 | D:10     | Bought 2 potions of flight for 60 gold pieces
 21488 | D:11     | Offered knowledge of Ignite Poison by Vehumet.
 21937 | D:11     | Reached skill level 10 in Conjurations
 21937 | D:11     | Reached skill level 10 in Fire Magic
 21940 | D:11     | Reached **** piety under Vehumet
 21947 | D:11     | Offered knowledge of Volatile Blastmotes by Vehumet.
 21949 | D:11     | Found a staircase to the Orcish Mines.
 21968 | D:11     | Mangled by an orc warrior

Illustrated notes

Levels and vault maps discovered:
D:1:      dpeg_arrival_shelter, layout_basic,
          shapermc_ecumenical_altar_flowoftime
D:2:      minmay_kobold_bridge, layout_loops_ring, serial_shops, shop_coins
D:3:      layout_basic, minmay_misc_feat_nine_boxes, grunt_decor_arrowhead,
          minmay_misc_feat_x, uniq_terence, uniq_ijyb
D:4:      layout_rooms
D:5:      layout_gridville, ashenzari_altar_1, nicolae_qazlal_general_emergency,
          nzn_wu_jian_contemplation, hangedman_minor_gate_pass
D:6:      nicolae_cairo_tiling_very_big, layout_basic,
          lemuel_coloured_pillars_altar, minmay_temple_entry_gardened_gates,
          serial_aquarium, aquarium_bridge_square [aquarium_subvault_wall,
          aquarium_subvault_wall, aquarium_subvault_bridge,
          aquarium_subvault_bridge], aquarium_window_2, aquarium_window_fake,
          aquarium_view_2c, aquarium_balcony_3b, aquarium_pool_2, uniq_sigmund
D:7:      layout_basic, lemuel_doored_altar, uniq_prince_ribbit1
D:8:      layout_basic, nicolae_ossuary_entry_giza, minmay_misc_feat_hallway
D:9:      layout_loops_ring, minitemple, grunt_lair_entry_orc_guard_hut,
          nzn_random_ring, uniq_erolcha
D:10:     nzn_winding_woodlands_three_and_one
          [nzn_winding_woodlands_5x15_pockets, nzn_winding_woodlands_5x15_pool,
          nzn_winding_woodlands_5x15_concentric,
          nzn_winding_woodlands_center_diamonds], layout_gridville,
          xom_butterflies, mainiacjoe_overflow_cross_hatched, serial_shops,
          nicolae_take_the_stairs
D:11:     layout_stronghold, david_orc_5
Temple:   chequers_temple_sunken

Skill      XL: |  1  2  3  4  5  6  7  8  9 10 11 12 |
---------------+-------------------------------------+-----
Earth Magic    | 4 5 6 8 |  8.3
Spellcasting   | 4 5 7 11 12 | 12.7
Conjurations   | 1 4 6 8 9 10 | 10.0
Fire Magic     | 1 2 4 5 7 9 10 | 10.0
Transmutations | 5 |  5.6
Air Magic      | 3 |  3.0
Dodging        | 7 8 |  8.1
Shields        | 5 |  5.0
Stealth        | |  2.4

Action                     |  1- 3 |  4- 6 |  7- 9 | 10-12 || total
---------------------------+-------+-------+-------+-------++-------
  Melee: Dagger            |       |       |     8 |     3 ||    11
         Staff             |       |       |       |     1 ||     1
   Cast: Sandblast         |    48 |    80 |    84 |    59 ||   271
         Stone Arrow       |       |     9 |    54 |   107 ||   170
         Passwall          |       |     1 |       |     2 ||     3
         Petrify           |       |       |     2 |     2 ||     4
         Flame Wave        |       |       |     1 |     9 ||    10
         Frozen Ramparts   |       |       |       |     3 ||     3
         Fireball          |       |       |       |    36 ||    36
         Swiftness         |       |       |       |     1 ||     1
  Evoke: Wand              |       |     2 |       |       ||     2
    Use: Scroll            |       |     7 |     6 |     7 ||    20
         Potion            |       |       |       |     1 ||     1
   Stab: Petrified         |       |       |     5 |     2 ||     7
 Armour: Robe              |       |     3 |       |       ||     3
         Leather armour    |       |     5 |     3 |       ||     8
         Steam dragon scal |       |       |    13 |    25 ||    38
  Dodge: Dodged            |     2 |    23 |    52 |   115 ||   192
